 Dungeon Crawl Stone Soup version 0.30.0-10-gfe55d96785 (webtiles) character file.

Game seed: 18148401081529987436

2806 qw the Cleaver (level 9, -2/57 HPs)
             Began as a Gargoyle Cinder Acolyte on May 17, 2023.
             Was a Priest of Ignis.
             Slain by a two-headed ogre
             ... wielding a +0 giant club
              (10 damage)
             ... on level 8 of the Dungeon.
             The game lasted 00:03:22 (6804 turns).

qw the Cleaver (Gargoyle Cinder Acolyte)            Turns: 6804, Time: 00:03:23

Health: -2/57      AC: 23    Str: 23    XL:     9   Next: 72%
Magic:  10/10      EV: 11    Int: 14    God:    Ignis [***...]
Gold:   499        SH:  0    Dex:  5    Spells: 10/10 levels left

rFire   + . .        Y - +4 hand axe (venom)
rCold   . . .        (no shield)
rNeg    + . .        d - +0 plate armour
rPois   inf          g - +1 helmet
rElec   +            k - +1 cloak
rCorr   +            (no gloves)
SInv    .            (no boots)
Will    .....        (no amulet) Stlth
                     p - +5 ring of evasion
HPRegen 0.29/turn    i - ring of resist corrosion
MPRegen 0.12/turn

%: no passive effects
@: about to teleport
A: sickness immunity, AC +6, negative energy resistance 1, electricity
resistance, torment resistance 1, petrification resistance
a: Renounce Religion, Fiery Armour, Foxfire Swarm, Rising Flame


You were on level 8 of the Dungeon.
You worshipped Ignis.
Ignis was most pleased with you.
You visited 1 branch of the dungeon, and saw 8 of its levels.

You collected 499 gold pieces.


Innate Abilities, Weirdness & Mutations

You are immune to sickness and miasma.
Your stone body is resilient. (AC +6)
You are immune to poison.
You resist negative energy. (rN+)
You are resistant to electric shocks. (rElec)
You are resistant to unholy torment.
You are immune to petrification.


   Skills:
 - Level 7.2 Fighting
 + Level 9.5 Axes
 - Level 1.6 Throwing
 - Level 6.1 Armour
 - Level 1.0 Spellcasting
 - Level 3.0 Fire Magic


You had 10 spell levels left.
You didn't know any spells.
Your spell library contained the following spells:

 Spells                   Type           Power      Damage    Failure   Level
 Scorch                   Fire           18%        2d5       88%         2

Inventory:

Hand Weapons
 l - a -1 hand axe of flaming
 Y - a +4 hand axe of venom (weapon)
Armour
 d - a +0 plate armour (worn)
 f - the +0 pair of gloves "Ywoogi Wibri" {rElec Int+3 Dex-4}
   (You found it on level 7 of the Dungeon)

   Int:       It affects your intelligence (+3).
   Dex:       It affects your dexterity (-4).
   rElec:     It insulates you from electricity.
 g - a +1 helmet (worn)
 k - a +1 cloak (worn)
Jewellery
 i - a ring of resist corrosion (right hand)
 j - a ring of positive energy
 o - a ring of fire
 p - a +5 ring of evasion (left hand)
Scrolls
 a - 3 scrolls of teleportation
 e - a scroll of identify
Potions
 b - a potion of haste
 c - 3 potions of resistance
 h - 4 potions of curing
 m - a potion of heal wounds
 s - a potion of cancellation

Dungeon Overview and Level Annotations

Branches:
Dungeon (8/15)             Temple (0/1) D:4
   Lair: D:8-11

Altars:
Fedhas
Gozag
Okawaru
Qazlal
Yredelemnul
Zin

Annotations:
D:4 3 runed translucent doors, qw's ghost, amateur GrCA


Message History

An electric eel comes into view.
The electric eel shoots out a bolt of lightning at you!
The bolt of electricity hits the plant!
The plant begins to die.
The bolt of electricity hits the plant!
The plant begins to die.
The bolt of electricity hits you but does no damage.
The electric eel shoots out a bolt of lightning at you!
The bolt of electricity hits the plant! x2; The bolt of electricity hits you.
You resist.
You enter the shallow water.
Moving in this stuff is going to be slow.
Your unstable footing causes you to fumble your attack.
A nearby plant withers and dies. x2
You slash the electric eel!
The electric eel is poisoned.
The electric eel is heavily wounded.
You slash the electric eel!
You kill the electric eel!
Found a stone staircase leading down.
You now have 499 gold pieces (gained 10).
A two-headed ogre comes into view.
It is wielding a +0 giant club and a +0 giant spiked club.
You hit the two-headed ogre.
The two-headed ogre is poisoned.
The two-headed ogre is lightly wounded.
The two-headed ogre hits you with a +0 giant club!
The two-headed ogre hits you but does no damage.
You slash the two-headed ogre!
The two-headed ogre is moderately wounded.
You hit the two-headed ogre but do no damage.
The two-headed ogre is moderately wounded.
The two-headed ogre hits you with a +0 giant club!!
The two-headed ogre completely misses you.
You barely miss the two-headed ogre.
The two-headed ogre is moderately wounded.
You slash the two-headed ogre!
The two-headed ogre is heavily wounded.
The two-headed ogre hits you but does no damage.
The two-headed ogre hits you with a +0 giant spiked club!!
6804 ||| READING 4 scrolls of teleportation.
As you read the scroll of teleportation, it crumbles to dust.
You feel strangely unstable.
The two-headed ogre hits you with a +0 giant club!
You die...

#####
#...################.
#.#..........@O......
##.##################.
###..#######
..<.........
####......>.
.###........
...#........
..~.P.~.....
#.~~~.~.....


You could see a two-headed ogre (very poisoned).

Vanquished Creatures
  Sigmund (D:6)
  Eustachio (D:6)
  A steam dragon (D:8)
  Edmund (D:6)
  A water moccasin (D:5)
  A sky beast (D:7)
  A black bear (D:6)
  2 ice beasts
  An ogre (D:5)
  2 centaurs
  Blork the orc (D:6)
  2 kobold brigands
  3 bullfrogs
  5 scorpions
  4 wights (D:8)
  An electric eel (D:8)
  A howler monkey (D:6)
  2 hounds
  2 orc priests (D:4)
  2 iguanas
  Natasha (thrice) (D:4)
  2 orc wizards
  11 river rats (D:5)
  2 adders
  A white imp (D:5)
  2 ufetubi
  A worm (D:3)
  6 dart slugs
  27 orcs
  6 ball pythons
  4 bats
  7 endoplasms
  5 giant cockroaches
  4 goblins
  7 hobgoblins
  2 jackals (D:1)
  14 kobolds
  6 quokkas
  7 frilled lizards
  19 rats
171 creatures vanquished.

Notes
Turn   | Place    | Note
-------+----------+-------------------------------------------
     0 | D:1      | qw the Gargoyle Cinder Acolyte began the quest for the Orb.
     0 | D:1      | Reached XP level 1. HP: 14/14 MP: 2/2
     0 | D:1      | 0 ||| qw: Version: 0.2-a-95-g4c1bab1
     0 | D:1      | 0 ||| qw: Game counter: 141
     0 | D:1      | 0 ||| qw: Always use a shield: true
     0 | D:1      | 0 ||| qw: God list: Okawaru
     0 | D:1      | 0 ||| qw: Allow faded altars: false
     0 | D:1      | 0 ||| qw: Do Orc after D:15 true
     0 | D:1      | 0 ||| qw: Do second Lair branch before Depths: true
     0 | D:1      | 0 ||| qw: Lair rune preference: random
     0 | D:1      | 0 ||| qw: Plans: Normal
     0 | D:1      | 0 ||| PLANNING D:1-11
    13 | D:1      | 13 ||| Stepping ~*~*~tactically~*~*~ (stealth).
    29 | D:1      | Reached skill level 3 in Axes
   108 | D:1      | 108 ||| INVOKING Fiery Armour.
   110 | D:1      | Reached XP level 2. HP: 9/19 MP: 3/3
   227 | D:1      | 227 ||| Stepping ~*~*~tactically~*~*~ (stealth).
   235 | D:1      | 235 ||| INVOKING Fiery Armour.
   342 | D:1      | 342 ||| Stepping ~*~*~tactically~*~*~ (hiding).
   467 | D:1      | 467 ||| Stepping ~*~*~tactically~*~*~ (hiding).
   472 | D:1      | Reached XP level 3. HP: 21/23 MP: 4/4
   632 | D:1      | 632 ||| Stepping ~*~*~tactically~*~*~ (hiding).
   778 | D:1      | Reached skill level 4 in Axes
   873 | D:1      | Found a faded altar of an unknown god.
   911 | D:1      | 911 ||| UPGRADING to +0 leather armour.
   921 | D:1      | 921 ||| DROPPING +0 robe.
   922 | D:1      | 922 ||| UPGRADING to +0 plate armour.
   932 | D:1      | 932 ||| DROPPING +0 leather armour.
   933 | D:1      | 933 ||| READING scroll labelled CEOPRYWKOTWO.
   934 | D:1      | 934 ||| READING scroll labelled DAKOIX OGOCRA.
   979 | D:2      | Reached skill level 1 in Armour
  1047 | D:2      | Found a blossoming altar of Fedhas.
  1065 | D:2      | Reached XP level 4. HP: 25/28 MP: 5/5
  1324 | D:2      | 1324 ||| READING scroll labelled AMESYR WUSAFO.
  1325 | D:2      | 1325 ||| READING scroll labelled ZIWYAH SIWUGH.
  1351 | D:3      | 1351 ||| Stepping ~*~*~tactically~*~*~ (stealth).
  1526 | D:3      | Found an opulent altar of Gozag.
  1536 | D:3      | 1536 ||| Stepping ~*~*~tactically~*~*~ (hiding).
  1694 | D:3      | 1694 ||| Stepping ~*~*~tactically~*~*~ (stealth).
  2362 | D:3      | 2362 ||| READING scroll labelled UHARAP ALIKLE.
  2463 | D:3      | 2463 ||| READING scroll labelled DANWUI QOHOU.
  2464 | D:3      | 2464 ||| READING 3 scrolls labelled CABYEC REXIC.
  2465 | D:3      | 2465 ||| DRINKING 2 metallic pink potions.
  2466 | D:3      | 2466 ||| DRINKING 2 bubbling silvery potions.
  2467 | D:3      | 2467 ||| DRINKING 2 yellow potions.
  2468 | D:3      | 2468 ||| DROPPING potion of degeneration.
  2469 | D:3      | 2469 ||| DROPPING 2 scrolls of poison.
  2476 | D:4      | Noticed Natasha
  2489 | D:4      | 2489 ||| INVOKING Fiery Armour.
  2491 | D:4      | Killed Natasha
  2492 | D:4      | Reached XP level 5. HP: 13/32 MP: 6/6
  2505 | D:4      | Reached skill level 5 in Axes
  2582 | D:4      | Noticed Natasha
  2583 | D:4      | 2583 ||| Stepping ~*~*~tactically~*~*~ (stealth).
  2585 | D:4      | 2585 ||| Stepping ~*~*~tactically~*~*~ (hiding).
  2592 | D:4      | Killed Natasha
  2600 | D:4      | 2600 ||| Stepping ~*~*~tactically~*~*~ (stealth).
  2602 | D:4      | 2602 ||| Stepping ~*~*~tactically~*~*~ (stealth).
  2612 | D:4      | 2612 ||| Stepping ~*~*~tactically~*~*~ (stealth).
  2615 | D:4      | 2615 ||| Stepping ~*~*~tactically~*~*~ (stealth).
  2616 | D:4      | 2616 ||| Stepping ~*~*~tactically~*~*~ (stealth).
  2617 | D:4      | 2617 ||| Stepping ~*~*~tactically~*~*~ (stealth).
  2619 | D:4      | 2619 ||| Stepping ~*~*~tactically~*~*~ (stealth).
  2631 | D:4      | Reached skill level 3 in Armour
  2636 | D:4      | 2636 ||| Stepping ~*~*~tactically~*~*~ (stealth).
  2638 | D:4      | 2638 ||| Stepping ~*~*~tactically~*~*~ (stealth).
  2639 | D:4      | 2639 ||| Stepping ~*~*~tactically~*~*~ (stealth).
  2650 | D:4      | 2650 ||| INVOKING Fiery Armour.
  2722 | D:4      | 2722 ||| SWAPPING to +2 hand axe of venom.
  2748 | D:4      | Found a staircase to the Ecumenical Temple.
  2766 | D:4      | 2766 ||| Stepping ~*~*~tactically~*~*~ (stealth).
  2767 | D:4      | 2767 ||| Stepping ~*~*~tactically~*~*~ (stealth).
  2768 | D:4      | 2768 ||| Stepping ~*~*~tactically~*~*~ (hiding).
  2777 | D:4      | Reached XP level 6. HP: 38/38 MP: 7/7
  2833 | D:4      | Found a runed translucent gate.
  2833 | D:4      | Found a runed translucent gate.
  2835 | D:4      | Found a runed translucent gate.
  2837 | D:4      | Noticed qw's ghost (amateur GrCA)
  2837 | D:4      | Noticed qw's ghost (amateur GrCA)
  2837 | D:4      | Noticed qw's ghost (amateur GrCA)
  2849 | D:4      | Reached skill level 1 in Throwing
  2912 | D:4      | 2912 ||| Stepping ~*~*~tactically~*~*~ (hiding).
  3056 | D:4      | Found a stormy altar of Qazlal.
  3074 | D:4      | Noticed Natasha
  3083 | D:4      | Killed Natasha
  3505 | D:4      | 3505 ||| UPGRADING to ring of positive energy.
  3506 | D:4      | 3506 ||| READING scroll labelled BIFRAAM GOKUC.
  3507 | D:4      | 3507 ||| READING 2 scrolls of identify.
  3507 | D:4      | 3507 ||| IDENTIFYING fuming emerald potion
  3546 | D:5      | Entered Level 5 of the Dungeon
  3553 | D:5      | 3553 ||| STAIRDANCE
  3554 | D:5      | Reached XP level 7. HP: 36/43 MP: 8/8
  3731 | D:5      | Reached skill level 6 in Axes
  3731 | D:5      | 3731 ||| INVOKING Fiery Armour.
  3825 | D:5      | Reached skill level 7 in Axes
  3848 | D:5      | 3848 ||| Stepping ~*~*~tactically~*~*~ (hiding).
  4051 | D:5      | Reached XP level 8. HP: 49/49 MP: 9/9
  4194 | D:5      | 4194 ||| Stepping ~*~*~tactically~*~*~ (stealth).
  4197 | D:5      | 4197 ||| Stepping ~*~*~tactically~*~*~ (stealth).
  4206 | D:5      | 4206 ||| Stepping ~*~*~tactically~*~*~ (stealth).
  4240 | D:5      | 4240 ||| INVOKING Fiery Armour.
  4338 | D:5      | 4338 ||| Stepping ~*~*~tactically~*~*~ (stealth).
  4339 | D:5      | 4339 ||| Stepping ~*~*~tactically~*~*~ (stealth).
  4487 | D:5      | 4487 ||| Stepping ~*~*~tactically~*~*~ (stealth).
  4507 | D:5      | 4507 ||| UPGRADING to +0 cloak.
  4512 | D:5      | 4512 ||| UPGRADING to ring of resist corrosion.
  4513 | D:5      | 4513 ||| DRINKING 2 fizzy red potions.
  4514 | D:5      | 4514 ||| READING 2 scrolls of identify.
  4514 | D:5      | 4514 ||| IDENTIFYING glowing amethyst potion
  4515 | D:5      | 4515 ||| DROPPING potion of attraction.
  4516 | D:5      | 4516 ||| DROPPING potion of brilliance.
  4556 | D:6      | 4556 ||| Stepping ~*~*~tactically~*~*~ (stealth).
  4568 | D:6      | 4568 ||| Stepping ~*~*~tactically~*~*~ (stealth).
  4570 | D:6      | 4570 ||| Stepping ~*~*~tactically~*~*~ (stealth).
  4573 | D:6      | 4573 ||| Stepping ~*~*~tactically~*~*~ (stealth).
  4574 | D:6      | 4574 ||| Stepping ~*~*~tactically~*~*~ (stealth).
  4593 | D:6      | 4593 ||| Stepping ~*~*~tactically~*~*~ (stealth).
  4601 | D:6      | Noticed Sigmund
  4605 | D:6      | Reached skill level 8 in Axes
  4614 | D:6      | Killed Sigmund
  4615 | D:6      | Reached skill level 6 in Fighting
  4615 | D:6      | 4615 ||| DRINKING 3 potions of curing.
  4615 | D:6      | 4615 ||| (to cure confusion)
  4628 | D:6      | 4628 ||| Stepping ~*~*~tactically~*~*~ (stealth).
  4708 | D:6      | 4708 ||| Stepping ~*~*~tactically~*~*~ (hiding).
  4715 | D:6      | Noticed Edmund
  4731 | D:6      | Killed Edmund
  4732 | D:6      | Reached XP level 9. HP: 44/55 MP: 10/10
  4952 | D:6      | Noticed Eustachio
  4966 | D:6      | Killed Eustachio
  5130 | D:6      | Reached skill level 9 in Axes
  5166 | D:6      | 5166 ||| READING scroll of enchant weapon.
  5166 | D:6      | 5166 ||| ENCHANTING +3 hand axe of venom.
  5174 | D:6      | Noticed Blork the orc
  5182 | D:6      | Killed Blork the orc
  5389 | D:6      | 5389 ||| READING scroll labelled DUJIGH YPNUQ.
  5390 | D:6      | 5390 ||| READING scroll labelled JOINTI YKIU.
  5391 | D:6      | 5391 ||| READING 2 scrolls of identify.
  5391 | D:6      | 5391 ||| IDENTIFYING emerald potion
  5392 | D:6      | 5392 ||| DROPPING potion of flight.
  5393 | D:6      | 5393 ||| DROPPING potion of berserk rage.
  5425 | D:7      | 5425 ||| PLANNING OSSUARY
  5427 | D:7      | Identified the +0 pair of gloves "Ywoogi Wibri" {rElec
                  | Int+3 Dex-4}
  5462 | D:7      | Found a glowing silver altar of Zin.
  5482 | D:7      | 5482 ||| INVOKING Fiery Armour.
  5645 | D:7      | Found a basalt altar of Yredelemnul.
  5703 | D:7      | 5703 ||| Stepping ~*~*~tactically~*~*~ (hiding).
  5712 | D:7      | 5712 ||| DRINKING 5 potions of curing.
  5712 | D:7      | 5712 ||| (to cure confusion)
  5793 | D:7      | 5793 ||| Stepping ~*~*~tactically~*~*~ (hiding).
  6030 | D:7      | 6030 ||| RIP OSSUARY
  6036 | D:7      | 6036 ||| PLANNING D:1-11
  6090 | D:7      | 6090 ||| READING scroll of enchant armour.
  6090 | D:7      | 6090 ||| ENCHANTING +0 cloak.
  6120 | D:7      | Identified the +2 robe of the Accordion {+Inv rC- Int+4}
  6466 | D:7      | Found an iron altar of Okawaru.
  6534 | D:7      | 6534 ||| UPGRADING to +0 helmet.
  6539 | D:7      | 6539 ||| UPGRADING to +5 ring of evasion.
  6541 | D:7      | 6541 ||| READING scroll labelled QEAHUN QUOCUR.
  6542 | D:7      | 6542 ||| READING 4 scrolls of identify.
  6542 | D:7      | 6542 ||| IDENTIFYING gluggy clear potion
  6543 | D:7      | 6543 ||| READING 3 scrolls of identify.
  6543 | D:7      | 6543 ||| IDENTIFYING smoky puce potion
  6544 | D:7      | 6544 ||| READING 2 scrolls of identify.
  6544 | D:7      | 6544 ||| IDENTIFYING puce potion
  6545 | D:7      | 6545 ||| DROPPING potion of invisibility.
  6598 | D:8      | Reached skill level 6 in Armour
  6683 | D:8      | 6683 ||| READING scroll of enchant armour.
  6683 | D:8      | 6683 ||| ENCHANTING +0 helmet.
  6704 | D:8      | 6704 ||| Stepping ~*~*~tactically~*~*~ (hiding).
  6793 | D:8      | Noticed a two-headed ogre
  6803 | D:8      | HP: 7/57 [two-headed ogre/+0 giant club (23)]
  6804 | D:8      | 6804 ||| READING 4 scrolls of teleportation.
  6804 | D:8      | Slain by a two-headed ogre

Levels and vault maps discovered:
D:1:      ebering_hopf_link, layout_loops_ring, shapermc_ecumenical_altar_petra
D:2:      layout_basic, basic_altar, kennysheep_pointless_box,
          kennysheep_generic_room_7
D:3:      layout_basic, mainiacjoe_overflow_six_doors_small, serial_forest,
          infiniplex_forest_lined_corner, infiniplex_forest_fountain,
          infiniplex_forest_clump_small, infiniplex_forest_clump_small,
          infiniplex_forest_lined_room_3
D:4:      layout_loops_ring, old_standard_altar,
          minmay_temple_entry_sparse_star, gammafunk_ghost_cemetery,
          uniq_natasha
D:5:      lemuel_ratsnest, layout_rooms, grunt_ministairs_11
D:6:      layout_loops_cross, kennysheep_generic_room_8, uniq_blork_the_orc,
          uniq_eustachio, uniq_sigmund, uniq_edmund
D:7:      layout_basic, mainiacjoe_overflow_cross_hatched,
          kennysheep_little_box, lemuel_crystal_altar,
          nicolae_ossuary_entry_plus
D:8:      layout_rooms, nicolae_overflow_hidden_temple,
          nicolae_kikubaaqudgha_miasma_corner, lemuel_blue_sif_altar,
          nicolae_elyvilon_peaceful_grove, special_room [special_room_kobold],
          grunt_ministairs_14, serial_bayou_pond_c

Skill      XL: |  1  2  3  4  5  6  7  8  9 |
---------------+----------------------------+-----
Axes           | 3 4 5 7 8 9 |  9.5
Armour         | 1 2 3 5 6 |  6.1
Fighting       | 4 5 6 7 |  7.2
Throwing       | 1 |  1.6
Spellcasting   | |  1.0
Fire Magic     | |  3.0

Action                     |  1- 3 |  4- 6 |  7- 9 || total
---------------------------+-------+-------+-------++-------
  Melee: Hand axe          |   134 |   179 |   256 ||   569
         Unarmed           |       |     1 |       ||     1
         Punch             |       |       |     6 ||     6
  Throw: Boomerang         |       |    11 |    39 ||    50
 Invoke: Fiery Armour      |     2 |     2 |     3 ||     7
    Use: Scroll            |     2 |     7 |    12 ||    21
         Potion            |       |     3 |     3 ||     6
 Armour: Robe              |    39 |       |       ||    39
         Plate armour      |    30 |   131 |   124 ||   285
  Dodge: Dodged            |    60 |    36 |    66 ||   162

Table legend:
 A = Non-vault XP
 B = Vault XP
 C = Vault XP percentage of total XP
 D = Non-vault monster count
 E = Vault monster count
 F = Vault count percentage of total count
                 A         B        C        D         E       F
            +---------+---------+-------+---------+---------+-------
      Total |    2865 |    1144 |  28.5 |     128 |      43 |  25.1
            +---------+---------+-------+---------+---------+-------
        D:1 |      54 |       0 |   0.0 |      26 |       0 |   0.0
        D:2 |      40 |       3 |   7.0 |      17 |       2 |  10.5
        D:3 |      48 |       0 |   0.0 |      18 |       0 |   0.0
        D:4 |     338 |      35 |   9.4 |      26 |       1 |   3.7
        D:5 |     875 |     222 |  20.2 |      10 |      34 |  77.3
        D:6 |     748 |     701 |  48.4 |      15 |       5 |  25.0
        D:7 |     421 |       0 |   0.0 |      11 |       0 |   0.0
        D:8 |     341 |     183 |  34.9 |       5 |       1 |  16.7
            +---------+---------+-------+---------+---------+-------
